 Dungeon Crawl Stone Soup version 0.24.0-37-gcf1ca852f1 (webtiles) character file.

Game seed: 15303558286555614156, levelgen mode: deterministic

104 Iamsoldier the Sneak (level 4, -1/30 HPs)
             Began as an Octopode Assassin on Dec 2, 2019.
             Slain by a phantom (9 damage)
             ... on level 3 of the Dungeon.
             The game lasted 00:08:35 (3264 turns).

Iamsoldier the Sneak (Octopode Assassin)            Turns: 3264, Time: 00:08:35

Health: -1/30      AC:  1    Str: 10    XL:     4   Next: 80%
Magic:  4/4        EV: 13    Int: 13    God:
Gold:   101        SH:  0    Dex: 14    Spells: 3/3 levels left

rFire    + . .     SeeInvis .   a - +2 dagger
rCold    x . .     Gourm    .   (no shield)
rNeg     . . .     Faith    .   (helmet restricted)
rPois    .         Spirit   .   h - amulet of magic regeneration
rElec    .         Reflect  .   r - ring of fire
rCorr    .         Harm     .   (no ring)
MR       .....                  (no ring)
Stlth    ++++......             (no ring)
HPRegen  0.10/turn              (no ring)
MPRegen  0.34/turn              (no ring)
                                (no ring)
                                (no ring)

@: no status effects
A: almost no armour, stealthy swim, amphibious, 8 rings, constrict 8, camouflage
1, gelatinous body 1
a: no special abilities


You were on level 3 of the Dungeon.
You were not hungry.

You visited 1 branch of the dungeon, and saw 3 of its levels.

You collected 101 gold pieces.

Inventory:

Hand Weapons
 a - a +2 dagger (weapon)
Missiles
 b - 40 poisoned darts (quivered)
 c - 2 curare-tipped darts
 e - 4 atropa-tipped darts
Jewellery
 h - an amulet of magic regeneration (around mantle)
 r - a ring of fire (left tentacle)
Wands
 p - a wand of enslavement (7)
Scrolls
 i - 3 scrolls of remove curse
 k - a scroll of teleportation
 o - a scroll of enchant weapon {unknown}
 t - a scroll of immolation {unknown}
 u - a scroll of enchant armour {unknown}
Potions
 g - a potion of haste {unknown}
 j - a potion of degeneration {unknown}
 l - 3 potions of curing {unknown}
 m - a potion of might {unknown}
 n - 2 potions of agility {unknown}
 q - a potion of resistance {unknown}
 s - a potion of invisibility {unknown}
 v - 2 potions of lignification {unknown}
Comestibles
 d - 3 rations


   Skills:
 + Level 2.8 Fighting
 + Level 2.9 Short Blades
 + Level 2.3 Throwing
 + Level 2.2 Dodging
 + Level 6.0 Stealth


You had 3 spell levels left.
You didn't know any spells.
Your spell library was empty.

Dungeon Overview and Level Annotations

Branches:
Dungeon (3/15)

Altars:


Innate Abilities, Weirdness & Mutations

You cannot wear most types of armour.
You are very stealthy in the water. (Stealth+)
You are amphibious.
You can wear up to eight rings at the same time.
You can use your tentacles to constrict eight enemies at once.
Your skin changes colour to match your surroundings (Stealth+).
Your rubbery body absorbs attacks. (AC +1, EV +1)


Message History

You are too injured to fight recklessly!
You are too injured to fight recklessly!
Okay, then.
Evoke which item? (* to show all) (? for menu, Esc to quit)
Aiming: Enslavement
Press: ? - help, Shift-Dir - straight line, f - phantom
Aim: a phantom (almost destroyed, chance to defeat MR: 28%)
The phantom is charmed.
Really attack your phantom? [Y]es or [N]o only, please.
Really attack your phantom? [Y]es or [N]o only, please.
Really attack your phantom? [Y]es or [N]o only, please.
Really attack your phantom?
Okay, then.
You start resting.
Your phantom blinks! x3
The phantom is no longer charmed.
The phantom hits you!
You die...

............##.##.## ##.#.####.##
####...###..##.....####....<.....
# #.....#>.####>.......#.####.##
# #........# #...##..........#♣ #
#....#...# #...........###.##
####.#......# #..........## ##.#
.....#.#.#..####..###.#..## ##.
######.#(..............#.# #. #
#.###.....W@.#...##.## ##.
######...^........####.#..## ##.#
......).....#...........##.###.##
..............##.######.###...##
################.######.# #####
#........# ##########


You could see a phantom.

Vanquished Creatures
  Jessica (D:3)
  3 gnolls (D:2)
  An adder (D:3)
  2 oozes
  4 leopard geckos
  A giant cockroach (D:1)
  2 goblins (D:2)
  3 hobgoblins
  2 quokkas (D:3)
  8 bats
  2 kobolds (D:2)
  3 rats
32 creatures vanquished.

Notes
Turn   | Place    | Note
-------+----------+-------------------------------------------
     0 | D:1      | Iamsoldier the Octopode Assassin began the quest for the
                  | Orb.
     0 | D:1      | Reached XP level 1. HP: 14/14 MP: 1/1
   261 | D:1      | Reached XP level 2. HP: 19/19 MP: 2/2
  1572 | D:2      | Reached XP level 3. HP: 11/25 MP: 3/3
  1899 | D:2      | Found a faded altar of an unknown god.
  2300 | D:3      | Reached XP level 4. HP: 25/30 MP: 4/4
  2348 | D:3      | Noticed Jessica
  2359 | D:3      | Killed Jessica
  2359 | D:3      | Reached skill level 6 in Stealth
  2701 | D:3      | Noticed a phantom
  3264 | D:3      | Slain by a phantom

Levels and vault maps discovered:
D:1:      ncdulo_lavacross, layout_loops_ring, serial_forest,
          infiniplex_forest_lined_room_2, infiniplex_forest_diagonal,
          infiniplex_forest_end_double, infiniplex_forest_lined_room_2,
          infiniplex_forest_straight_3, infiniplex_forest_end_3,
          chequers_serial_rivers_micro_d, st_stairs_13
D:2:      layout_loops_corners, chequers_ecumenical_altar_island,
          hangedman_abyss_or_decor_lesser_grid
D:3:      layout_loops_ring, gup_sewer_entry_bowl, minmay_misc_feat_rows,
          nrook_loot_triangle, kennysheep_path_1, hangedman_glass_teeth,
          grunt_ministairs_8, uniq_jessica

Skill      XL: |  1  2  3  4 |
---------------+-------------+-----
Dodging        | 2 |  2.2
Stealth        | 6 |  6.0
Fighting       | |  2.8
Short Blades   | |  2.9
Throwing       | |  2.3

Action                   |  1- 3 |  4- 6 || total
-------------------------+-------+-------++-------
Melee: Dagger            |    45 |    40 ||    85
       Tentacles         |     5 |     6 ||    11
       Constrict         |     7 |     2 ||     9
Evoke: Wand              |       |     1 ||     1
  Use: Scroll            |     2 |       ||     2
       Potion            |       |     2 ||     2
 Stab: Sleeping          |     5 |     3 ||     8
       Distracted        |     1 |       ||     1
  Eat: Chunk             |     4 |       ||     4
       Ration            |       |     1 ||     1
Armor: Skin              |     4 |     3 ||     7
Dodge: Dodged            |    26 |    24 ||    50
